 Dungeon Crawl Stone Soup version 0.30-b1-5-g8e6c1be481 (webtiles) character file.

Game seed: 1761488949409779028

1735 Mysteryquy the Cleaver (level 8, -3/69 HPs)
             Began as a Yellow Draconian Fighter on May 4, 2023.
             Slain by a hornet (12 damage)
             ... on level 5 of the Dungeon.
             The game lasted 00:06:07 (4669 turns).

Mysteryquy the Cleaver (Yellow Draconian Fighter)   Turns: 4669, Time: 00:06:08

Health: -3/69      AC:  8    Str: 21    XL:     8   Next: 76%
Magic:  8/8        EV: 13    Int:  9    God:
Gold:   307        SH: 10    Dex: 10    Spells: 7/7 levels left

rFire   + . .        a - +0 war axe
rCold   + . .        b - +0 buckler
rNeg    . . .        (body armour unavailable)
rPois   +            (helmet restricted)
rElec   +            e - +0 cloak
rCorr   +            B - +0 pair of gloves
SInv    .            (no boots)
Will    .....        p - amulet of reflection
Stlth   +            (no ring)
HPRegen 0.31/turn    (no ring)
MPRegen 0.11/turn

%: reflection
@: lethally poisoned (-3 -> -8), silenced, resistant
A: spit acid, AC +6, unfitting armour, cold-blooded, acid resistance
a: Breathe Acid


You were on level 5 of the Dungeon.
You visited 1 branch of the dungeon, and saw 5 of its levels.

You collected 307 gold pieces.

Inventory:

Hand Weapons
 a - a +0 war axe (weapon)
 E - a +2 heavy battleaxe
Missiles
 j - 5 curare-tipped darts (quivered)
 l - 3 throwing nets
Armour
 b - a +0 buckler (worn)
 e - a +0 cloak (worn)
 k - a scarf of invisibility
 B - a +0 pair of gloves (worn)
Jewellery
 p - an amulet of reflection (around neck)
 C - a +4 ring of protection
 F - a +5 ring of evasion
Wands
 z - a wand of iceblast (27)
 D - a wand of paralysis (7)
 G - a wand of flame (24)
Scrolls
 g - a scroll of blinking {unknown}
 h - a scroll of immolation {unknown}
 i - a scroll of silence
 o - 2 scrolls of vulnerability {unknown}
 q - 7 scrolls of identify {unknown}
 r - a scroll of enchant armour {unknown}
 s - 2 scrolls of poison {unknown}
 t - a scroll of magic mapping {unknown}
 w - 2 scrolls of torment {unknown}
 x - 2 scrolls of brand weapon {unknown}
 y - a scroll of amnesia {unknown}
 I - a scroll of enchant weapon {unknown}
 J - a scroll of noise {unknown}
 L - a scroll of fear {unknown}
Potions
 c - a potion of might
 d - 2 potions of brilliance {unknown}
 f - 2 potions of haste {unknown}
 m - 2 potions of heal wounds {unknown}
 n - 2 potions of ambrosia {unknown}
 u - 4 potions of flight {unknown}
 v - a potion of resistance
 A - a potion of curing {unknown}
 H - a potion of attraction {unknown}
 K - a potion of mutation {unknown}


   Skills:
 + Level 5.5 Fighting
 + Level 8.0 Axes
 + Level 5.1 Dodging
 + Level 2.9 Stealth
 + Level 5.1 Shields


You had 7 spell levels left.
You didn't know any spells.
Your spell library contained the following spells:

 Spells                   Type           Power      Damage    Failure   Level
 Slow                     Hex            0%         N/A       43%         1
 Poisonous Vapours        Pois/Air       0%         N/A       58%         2
 Confusing Touch          Hex            0%         N/A       82%         3
 Mephitic Cloud           Conj/Pois/Air  0%         N/A       82%         3
 Vampiric Draining        Necr           0%         2d6       82%         3
 Freezing Cloud           Conj/Ice/Air   0%         6-21      100%        5


Dungeon Overview and Level Annotations

Branches:
Dungeon (5/15)
 Temple: D:4-7

Altars:
Uskayaw

Shops:
D:4 (


Innate Abilities, Weirdness & Mutations

You can spit globs of acid.
Your golden yellow scales are hard. (AC +6)
You cannot fit into any form of body armour.
You are cold-blooded and may be slowed by cold attacks.
You are resistant to acid. (rCorr)


Message History

Aiming: Iceblast
Press: ? - help, Q - select action, (/) - cycle Shift-Dir - straight line, f/p - hornet
Aim: a hornet That beam is likely to hit you.
Continue anyway?
The mass of ice explodes!
The iceblast engulfs the hornet!
The hornet is heavily wounded.
The iceblast engulfs you!
The iceblast engulfs the ice beast.
The ice beast partially resists.
The ice beast is lightly wounded.
You feel extremely sick.
You hear a shout!
You hear a bark!
You hear a shout!
A centaur opens the door.
The hornet stings you but does no damage.
An orc warrior comes into view. It is wielding a +0 dire flail.
A phantom comes into view.
A jelly comes into view.
Something unseen opens the door.
You block the hornet's attack.
A quokka comes into view.
A hound comes into view.
The hound barks!
Found a glowing helmet.
A hound comes into view.
As you read the scroll labelled ILOET ANKUCY, it crumbles to dust.
A profound silence engulfs you.
It was a scroll of silence.
You feel very sick.
A centaur comes into view.
The hornet closely misses you. You block the hornet's attack.
The centaur moves out of view.
Magic scrolls do not work when you're silenced!
The hornet attacks as you move away! The hornet misses you.
You feel very sick.
The centaur wields a +0 shortbow.
The centaur shoots an arrow.
The arrow hits you!
* * * LOW HITPOINT WARNING * * *
The hornet barely misses you.
The quokka bites you but does no damage.
It was a potion of resistance.
You feel protected.
You feel yourself speed up.
You feel sick.
The hornet stings you but does no damage.
The hornet stings you!
You die...

....##### .....#...
....##... ...... ....
####..... ###. #..##...
#.$# # #...##.##...# ..
##..†#.#Y..# ...## #.
##†'#@#†.# #...#
#...###cry###.. #... ####
........8oh...... #..
##...##....###h.c###...#
### ##........ .'#.#' .#
# #.........# ..J#.#..
..........#...##.##.
..........#[.##...##.
..........####.....####.#


You could see a hornet, an orc warrior, 2 centaurs, 2 hounds, a jelly and a
quokka.

Vanquished Creatures
  Sigmund (D:4)
  An ice beast (D:5)
  2 ogres
  2 black bears (D:4)
  A centaur (D:5)
  6 scorpions
  A howler monkey (D:5)
  A hound (D:3)
  5 jellies
  An iguana (D:5)
  A sleepcap (D:4)
  5 orc wizards (D:5)
  Robin (D:4)
  9 gnolls
  11 adders
  2 worms (D:2)
  A dart slug (D:2)
  15 orcs
  9 ball pythons
  10 endoplasms
  3 giant cockroaches (D:4)
  16 goblins
  17 hobgoblins
  2 jackals (D:3)
  3 quokkas
  4 bats
  3 frilled lizards
  6 kobolds
  8 rats
147 creatures vanquished.

Notes
Turn   | Place    | Note
-------+----------+-------------------------------------------
     0 | D:1      | Mysteryquy the Draconian Fighter began the quest for the
                  | Orb.
     0 | D:1      | Reached XP level 1. HP: 19/19 MP: 1/1
   205 | D:1      | Reached XP level 2. HP: 26/26 MP: 2/2
   660 | D:1      | Reached XP level 3. HP: 31/31 MP: 3/3
  1110 | D:2      | Reached skill level 1 in Stealth
  1113 | D:2      | Reached skill level 3 in Axes
  1117 | D:2      | Reached XP level 4. HP: 28/40 MP: 4/4
  1890 | D:3      | Found a faded altar of an unknown god.
  1996 | D:3      | Reached XP level 5. HP: 45/46 MP: 5/5
  2013 | D:3      | Reached skill level 4 in Axes
  2330 | D:4      | Noticed Sigmund
  2330 | D:4      | Noticed an ogre
  2340 | D:3      | Killed an ogre
  2341 | D:3      | Reached XP level 6. HP: 29/52 MP: 6/6
  2446 | D:4      | Killed Sigmund
  2447 | D:4      | Reached skill level 5 in Axes
  2648 | D:4      | Your scales start taking on a golden yellow colour.
  2648 | D:4      | Reached XP level 7. HP: 43/60 MP: 7/7
  2648 | D:4      | Gained mutation: You are resistant to acid. (rCorr) [Yellow
                  | Draconian growth]
  2788 | D:4      | Found a hide-covered altar of Uskayaw.
  3104 | D:4      | Noticed Robin
  3118 | D:4      | Killed Robin
  3238 | D:4      | Reached skill level 6 in Axes
  3300 | D:4      | Found Faxki's Weapon Emporium.
  3497 | D:4      | Reached skill level 5 in Fighting
  3497 | D:4      | Reached XP level 8. HP: 62/68 MP: 8/8
  3769 | D:5      | Entered Level 5 of the Dungeon
  3841 | D:5      | Reached skill level 7 in Axes
  4311 | D:5      | Reached skill level 5 in Dodging
  4311 | D:5      | Reached skill level 5 in Shields
  4648 | D:5      | Reached skill level 8 in Axes
  4661 | D:5      | Noticed a hornet
  4669 | D:5      | Slain by a hornet

Illustrated notes

Levels and vault maps discovered:
D:1:      ncdulo_lavacross, layout_loops_corners, chequers_serial_rivers_small_3
D:2:      layout_basic, minmay_goblin_kobold_house
D:3:      layout_basic, basic_ecumenical_altar
D:4:      layout_gridville, mainiacjoe_overflow_small_starburst, serial_shops,
          nicolae_shop_bloodbath_and_beyond, kennysheep_opposing_triangles,
          uniq_robin, uniq_sigmund
D:5:      cheibrodos_barr_body, layout_cave_pods, kb_lookout_dungeons_type

Skill      XL: |  1  2  3  4  5  6  7  8 |
---------------+-------------------------+-----
Dodging        | 3 4 5 |  5.1
Stealth        | 1 2 |  2.9
Axes           | 3 4 5 6 8 |  8.0
Fighting       | 4 5 |  5.5
Shields        | 4 5 |  5.1

Action                     |  1- 3 |  4- 6 |  7- 9 || total
---------------------------+-------+-------+-------++-------
  Melee: War axe           |    85 |   102 |   174 ||   361
         Tailslap          |     7 |    12 |    23 ||    42
Ability: Breathe Acid      |       |       |     2 ||     2
  Evoke: Wand              |       |       |     1 ||     1
    Use: Potion            |       |     1 |     1 ||     2
         Scroll            |       |       |     1 ||     1
   Stab: Sleeping          |     4 |       |     4 ||     8
 Armour: Skin              |    18 |    34 |    74 ||   126
  Dodge: Dodged            |    55 |    70 |   106 ||   231
  Block: Buckler           |    13 |    49 |   110 ||   172
         Reflection        |       |       |     6 ||     6
